 Dungeon Crawl Stone Soup version 0.22-a0-362-g535178c (webtiles) character file.

2 Deeps the Firebug (level 1, 0/14 HPs)
             Began as a Draconian Fire Elementalist on Apr 21, 2018.
             Slain by a giant cockroach (1 damage)
             ... on level 1 of the Dungeon.
             The game lasted 00:00:24 (91 turns).

Deeps the Firebug (Draconian Fire Elementalist)       Turns: 91, Time: 00:00:25

Health: 0/14       AC:  4    Str: 10    XL:     1   Next: 33%
Magic:  1/3        EV: 12    Int: 15    God:
Gold:   0          SH:  0    Dex: 11    Spells: 3/4 levels left

rFire    . . .     SeeInvis .   (no weapon)
rCold    . . .     Gourm    .   (no shield)
rNeg     . . .     Faith    .   (armour unavailable)
rPois    .         Spirit   .   (helmet restricted)
rElec    .         Reflect  .   (no cloak)
rCorr    .         Harm     .   (no gloves)
MR       .....                  (no boots)
Stlth    ++........             (no amulet)
HPRegen  0.04/turn              (no ring)
MPRegen  0.08/turn              (no ring)

@: no status effects
A: unfitting armour, cold-blooded, AC +4
a: no special abilities


You were on level 1 of the Dungeon.
You were not hungry.

You visited 1 branch of the dungeon, and saw 1 of its levels.

Inventory:

Potions
 a - a potion of might {unknown}
Comestibles
 b - a ration {@e1}


   Skills:
 - Level 1.7 Dodging
 - Level 1.7 Stealth
 + Level 2.0 Spellcasting
 - Level 1.0 Conjurations
 + Level 3.1 Fire Magic


You had 3 spell levels left.
You knew the following spells:

 Your Spells              Type           Power        Failure   Level  Hunger
a - Flame Tongue          Conj/Fire      #....        10%         1    #......


Dungeon Overview and Level Annotations

Branches:
Dungeon (1/15)

Altars:


Innate Abilities, Weirdness & Mutations

Your plain brown scales are hard. (AC +4)
You cannot fit into any form of body armour.
You are cold-blooded and may be slowed by cold attacks.


Message History

There isn't anything here!
Sorry, you're not good enough to have a special ability.
You now have 0/3 mp.
No target in view!
No target in view!
No target in view!
You see here a rat corpse.
A giant cockroach comes into view.
A giant cockroach is nearby!
A giant cockroach is nearby!
A giant cockroach is nearby!
A giant cockroach is nearby!
A bat and a gnoll come into view.
You closely miss the giant cockroach.
You tail-slap the giant cockroach, but do no damage.
The giant cockroach bites you.
You take 1 damage, and have 11/14 hp.
You barely miss the giant cockroach. The giant cockroach closely misses you.
The giant cockroach barely misses you.
You hit the giant cockroach but do no damage.
The giant cockroach barely misses you.
The gnoll moves out of view.
You hit the giant cockroach but do no damage.
The giant cockroach bites you.
You take 2 damage, and have 9/14 hp.
You closely miss the giant cockroach.
The giant cockroach completely misses you.
You closely miss the giant cockroach.
Your tail-slap misses the giant cockroach.
The giant cockroach closely misses you.
You closely miss the giant cockroach. The giant cockroach barely misses you.
The giant cockroach closely misses you.
You barely miss the giant cockroach.
Your tail-slap misses the giant cockroach.
The giant cockroach bites you but does no damage.
You barely miss the giant cockroach. The bat barely misses you.
The giant cockroach bites you.
You take 1 damage, and have 9/14 hp.
You barely miss the giant cockroach. The bat closely misses you.
The gnoll hits you but does no damage. The giant cockroach bites you.
You take 1 damage, and have 8/14 hp.
You are too injured to fight recklessly!
You are too injured to fight recklessly!
You are too injured to fight recklessly!
You are too injured to fight recklessly!
You are too injured to fight recklessly!
You are too injured to fight recklessly!
You are too injured to fight recklessly!
You are too injured to fight recklessly!
You are too injured to fight recklessly!
You are too injured to fight recklessly!
You are too injured to fight recklessly!
You are too injured to fight recklessly!
You are too injured to fight recklessly!
You are too injured to fight recklessly!
You are too injured to fight recklessly!
You are too injured to fight recklessly!
You are too injured to fight recklessly!
You are too injured to fight recklessly!
You are too injured to fight recklessly!
You are too injured to fight recklessly!
Unknown command.
The bat hits you but does no damage. The bat hits you but does no damage. x2
Aim: a bat The flame tongue hits the bat.
You kill the bat!
The giant cockroach closely misses you.
There isn't anything here!
Sorry, you're not good enough to have a special ability.
You now have 0/3 mp.
You don't have enough magic to cast that spell.
The giant cockroach barely misses you. The giant cockroach closely misses you.
Aim: a giant cockroach (clinging)
The flame tongue hits the giant cockroach.
The giant cockroach appears unharmed.
The giant cockroach bites you but does no damage.
The giant cockroach closely misses you.
There isn't anything here!
Sorry, you're not good enough to have a special ability.
You now have 0/3 mp.
Aim: a giant cockroach (clinging)
The flame tongue misses the giant cockroach.
The flame tongue hits the gnoll.
The giant cockroach closely misses you.
The gnoll hits you from afar with a spear.
There isn't anything here!
Sorry, you're not good enough to have a special ability.
You take 1 damage, and have 7/14 hp.
You now have 0/3 mp.
The giant cockroach barely misses you. The giant cockroach barely misses you.
The gnoll hits you from afar with a spear.
* * * LOW HITPOINT WARNING * * *
You take 6 damage, and have 1/14 hp.
MASSIVE DAMAGE!!
The giant cockroach barely misses you.
The giant cockroach waves its antennae.
The giant cockroach bites you but does no damage.
The giant cockroach closely misses you. The gnoll misses you.
The giant cockroach bites you.
You die...

#. #.####+####
#.#.......#
#.#.......#
#.........###
#####...........###
..........s@....>(.
####...g#########.
#...#.## #.
######...##.# .#
.........##(## ##.#
#######..##..###..#
########..###..#..#
......#...# #..#(.#
.)...#...# ##...##


You could see a gnoll and a giant cockroach.

Vanquished Creatures
  A hobgoblin (D:1)
  A bat (D:1)
  A rat (D:1)
3 creatures vanquished.

Notes
Turn   | Place    | Note
-------+----------+-------------------------------------------
     0 | D:1      | Deeps the Draconian Fire Elementalist began the quest for the Orb.
     0 | D:1      | Reached XP level 1. HP: 14/14 MP: 3/3
    78 | D:1      | HP: 1/14 [gnoll/spear (6)]
    91 | D:1      | Slain by a giant cockroach

Vault maps used:
D:1:      dpeg_arrival_simpleton_a, minmay_pentomino_o2

Action                   || total
-------------------------++-------
Melee: Unarmed           ||    11
       Tailslap          ||     1
 Cast: Flame Tongue      ||     7
Armor: Skin              ||     7
Dodge: Dodged            ||    23

Table legend:
 A = Spawn XP
 B = Non-spawn XP
 C = Spawn XP percentage of total XP
 D = Spawn monster count
 E = Non-spawn monster count
 F = Spawn count percentage of total count
 G = Total turns spent on level
                    A         B        C        D         E        F      G
               +---------+---------+-------+---------+---------+-------+---------
         Total |       0 |       4 |   0.0 |       0 |       3 |   0.0 |    91
               +---------+---------+-------+---------+---------+-------+---------
           D:1 |       0 |       4 |   0.0 |       0 |       3 |   0.0 |    91
               +---------+---------+-------+---------+---------+-------+---------

Vault maps used:
D:1:      dpeg_arrival_simpleton_a, minmay_pentomino_o2

Table legend:
 A = Turns spent in this place as a percentage of turns spent in the entire game.
 B = Non-inter-level travel turns spent in this place as a percentage of non-inter-level travel turns spent in the entire game.
 C = Inter-level travel turns spent in this place as a percentage of turns spent in this place.
 D = Turns resting spent in this place as a percentage of non-inter-level travel turns spent in this place.
 E = Turns spent auto-exploring this place as a percentage of non-inter-level travel turns spent in this place.
 F = Non-inter-level travel turns spent in this place divided by the number of levels of this place that you've seen.
                   A       B       C       D       E      F
               +-------+-------+-------+-------+-------+----------------------
         Total | 100.0 | 100.0 |   0.0 |   0.0 |  31.9 |  91.0
       Dungeon | 100.0 | 100.0 |   0.0 |   0.0 |  31.9 |  91.0
               +-------+-------+-------+-------+-------+----------------------

Table legend:
 A = Kills in this place as a percentage of kills in entire the game.
 B = Kills by you in this place as a percentage of kills by you in the entire game.
 C = Kills by friends in this place as a percentage of kills by friends in the entire game.
 D = Other kills in this place as a percentage of other kills in the entire game.
 E = Experience gained in this place as a percentage of experience gained in the entire game.
 F = Experience gained in this place divided by the number of levels of this place that you have seen.
                   A       B       C       D       E      F
               +-------+-------+-------+-------+-------+----------------------
         Total | 100.0 | 100.0 |   N/A |   N/A | 100.0 |   4.0
       Dungeon | 100.0 | 100.0 |   N/A |   N/A | 100.0 |   4.0
               +-------+-------+-------+-------+-------+----------------------
